 Dungeon Crawl Stone Soup version 0.31-a0-1620-gcbf77bbcfc (webtiles) character file.

Game seed: 8678635634142799053

91 dorian the Ruffian (level 4, 0/29 HPs)
             Began as an Octopode Shapeshifter on Jan 11, 2024.
             Slain by a ball python (3 damage)
             ... on level 3 of the Dungeon.
             The game lasted 00:03:20 (1807 turns).

dorian the Ruffian (Octopode Shapeshifter)          Turns: 1807, Time: 00:03:23

Health: 0/29       AC:  1    Str: 15    XL:     4   Next: 59%
Magic:  4/4        EV: 10    Int: 12    God:
Gold:   104        SH:  0    Dex: 11    Spells: 3/3 levels left

rFire   . .          .
                       - Unarmed
rCold   . . .        (no shield)
rNeg    . . .        (helmet currently unavailable)
rPois   .            (no amulet)
rElec   .            f - ring of willpower
rCorr   .            (no ring)
SInv    .            (no ring)
Will    +....        (no ring)
Stlth   ++           (no ring)
HPRegen 0.24/turn    (no ring)
MPRegen 0.09/turn    (no ring)
                     (no ring)

%: no passive effects
@: beast-form, constricted
A: beast (slay +2), almost no armour, amphibious, 8 rings, camouflage 1,
gelatinous body 1, (nimble swimmer 1), tentacles
a: Begin Untransformation


You were on level 3 of the Dungeon.
You were a hulking beast.
You visited 1 branch of the dungeon, and saw 3 of its levels.

You collected 104 gold pieces.

Inventory:

Jewellery
 d - a ring of ice
 f - a ring of willpower (left tentacle)
 g - an amulet of faith
 k - an amulet of regeneration
Talismans
 b - a beast talisman
 c - a flux talisman
Wands
 l - a wand of polymorph (7)
Scrolls
 e - 4 scrolls of identify {unknown}
 i - 2 scrolls of teleportation {unknown}
 j - a scroll of poison {unknown}
 m - a scroll of blinking {unknown}
Potions
 a - a potion of lignification
 h - 2 potions of heal wounds {unknown}
 n - a potion of enlightenment {unknown}


   Skills:
 + Level 2.2 Fighting
 + Level 2.9 Dodging
 + Level 3.6 Unarmed Combat
 + Level 3.5 Shapeshifting


You had 3 spell levels left.
You didn't know any spells.
Your spell library contained the following spells:

 Spells                   Type           Power      Damage    Failure   Level
 Ensorcelled Hibernation  Hex/Ice        0%         N/A       45%         2
 Passwall                 Erth           0%         N/A       69%         3
 Swiftness                Air            0%         N/A       69%         3


Dungeon Overview and Level Annotations

Branches:
Dungeon (3/15)

Altars:


Innate Abilities, Weirdness & Mutations

You are a hulking beast.
Your limbs bulge with bestial killing power. (Slay +2)
You cannot wear most types of armour.
You are amphibious.
You can wear up to eight rings at the same time.
Your skin changes colour to match your surroundings (Stealth+).
Your rubbery body absorbs attacks. (AC +1, EV +1)
((You are camouflaged when in or above water. (Stealth+)))
You have tentacles for arms and can constrict up to eight enemies at once.


Message History

The orc wizard shouts!
You hear an angry hiss.
The orc wizard moves out of view.
A ball python comes into view.
The orc wizard gestures at you while chanting.
The puff of flame misses you.
A kobold comes into view. It is wielding a +0 short sword.
There is a stone staircase leading up here.
You tentacle-slap the quokka. You grab the quokka.
The quokka is almost dead.
You constrict the quokka, but do no damage.
The quokka bites you but does no damage.
You bludgeon the quokka!
You kill the quokka!
The orc wizard casts a spell at you. The magic dart hits you!
You closely miss the orc wizard. Your grab misses the orc wizard.
Your squeeze misses the orc wizard. You barely miss the orc wizard.
You grab the orc wizard.
You constrict the orc wizard, but do no damage.
The orc wizard points at you and mumbles some strange words.
The puff of flame hits you!
You release your grip on the orc wizard.
The ball python bites you. The ball python grabs you.
You stop ascending the stairs.
The ball python constricts you.
The orc wizard mumbles some strange words.
The orc wizard flickers and vanishes!
Deactivating autopickup; reactivate with Ctrl-A.
The orc wizard casts a spell at you. The puff of flame hits you.
* * * LOW HITPOINT WARNING * * *
The orc shouts!
Unknown command.
You barely miss the orc wizard. You grab the orc wizard.
You constrict the orc wizard. The ball python misses you.
The ball python constricts you.
* * * LOW HITPOINT WARNING * * *
The orc wizard hits you with a +0 dagger.
* * * LOW HITPOINT WARNING * * *
The ball python bites you.
You die...

#.# #.# #.# ##.
### # #... ..#
#.#.#. #.#
.#.#.#.## #.#
........###.#
#...oh##.#######
#)...S..........
#.#..###.####...
#........#
###...####
#+...# .o..r.#
#...♣.♣..#
#.....)o...#


You could see an orc wizard, an orc and a ball python.

Vanquished Creatures
  Robin (D:1)
  2 adders (D:2)
  A ribbon worm (D:2)
  2 orcs
  A ball python (D:2)
  5 endoplasms
  A giant cockroach (D:2)
  12 goblins
  4 hobgoblins (D:2)
  6 jackals (D:1)
  4 kobolds
  2 quokkas
  5 bats (D:1)
  2 frilled lizards
  3 rats
51 creatures vanquished.

Notes
Turn   | Place    | Note
-------+----------+-------------------------------------------
     0 | D:1      | dorian the Octopode Shapeshifter began the quest for the
                  | Orb.
     0 | D:1      | Reached XP level 1. HP: 13/13 MP: 1/1
   164 | D:1      | Reached XP level 2. HP: 15/18 MP: 2/2
   575 | D:1      | Reached XP level 3. HP: 20/23 MP: 3/3
   816 | D:2      | Found a faded altar of an unknown god.
   882 | D:2      | Noticed Robin
   928 | D:1      | Reached XP level 4. HP: 9/29 MP: 4/4
  1018 | D:1      | Killed Robin
  1807 | D:3      | Slain by a ball python

Illustrated notes

Levels and vault maps discovered:
D:1:      lemuel_arrival_lava_pool, layout_loops_ring
D:2:      layout_basic, dreamdust_ecumenical_altar_hidden_monk_grotto,
          minmay_misc_feat_encased, kennysheep_boxes, uniq_robin
D:3:      layout_loops_corners, minmay_misc_feat_x, grunt_ministairs_9,
          uniq_natasha, uniq_crazy_yiuf_cottage

Skill      XL: |  1  2  3  4 |
---------------+-------------+-----
Fighting       | 2 |  2.2
Dodging        | |  2.9
Unarmed Combat | |  3.6
Shapeshifting  | |  3.5

Action                     |  1- 3 |  4- 6 || total
---------------------------+-------+-------++-------
  Melee: Unarmed           |    82 |    42 ||   124
         Constrict         |    21 |    11 ||    32
         Tentacles         |    10 |    10 ||    20
         Punch             |     5 |     1 ||     6
   Stab: Sleeping          |     3 |     2 ||     5
 Armour: Skin              |    41 |    21 ||    62
  Dodge: Dodged            |    49 |    22 ||    71

Table legend: (Time is in decaauts)
 A = Elapsed time spent in this place.
 B = Non-inter-level travel time spent in this place.
 C = Inter-level travel time spent in this place.
 D = Time resting spent in this place.
 E = Time spent auto-exploring this place.
 F = Levels seen in this place.
 G = Mean time per level.
                   A        B        C        D        E       F      G
               +--------+--------+--------+--------+--------+-----+--------+
         Total |   1800 |   1720 |     80 |    177 |   1212 |   3 |  600.0 |
       Dungeon |   1800 |   1720 |     80 |    177 |   1212 |   3 |  600.0 |
               +--------+--------+--------+--------+--------+-----+--------+

Top non-repeatable levels by time:
     D:2: 870 daAuts
     D:1: 811 daAuts
     D:3: 118 daAuts
